[Event "RUDAR 2 IM 2022"]
[Site "Pozarevac"]
[Date "2022.04.02"]
[Round "?"]
[White "Dudukovic, Nikola"]
[Black "Anishka Vikram"]
[Result "1-0"]
[ECO "E17"]
[WhiteElo "2362"]
[BlackElo "2000"]
[Annotator "NA"]
[PlyCount "81"]
[EventDate "2022.03.27"]
[EventType "tourn"]
[EventCountry "SRB"]
[SourceTitle "playchess.com"]
[Source "ChessBase"]
[SourceQuality "1"]
[TimeControl "40/5400+30:900+30"]

1. Nf3 Nf6 2. c4 e6 3. g3 d5 4. Bg2 Be7 5. O-O O-O 6. b3 b6 7. Bb2 Bb7 8. d4 Nbd7 9. cxd5 exd5 10. Ne5 c5 11. Nxd7 Qxd7 12. Nd2 Rac8 13. dxc5 bxc5 14. Rc1 Ba6 15. Rc2 Qf5 16. Re1 d4 17. e4 dxe3 18. Rxe3 Rfe8 19. Ne4 Ng4 20. Re1 Rcd8 21. Rd2 Rxd2 22. Qxd2 Rd8 23. Qa5 Bb7 24. h3 Nh6 25. Qxa7 Qc8 26. Nd6 Bxd6 27. Qxb7 Qxb7 28. Bxb7 f6 29. a4 Bc7 30. Ba3 Bb6 31. Re6 Ba7 32. Ra6 Bb8 33. Bxc5 Nf5 34. a5 Kf7 35. b4 Rd1+ 36. Kg2 Rd2 37. Ra8 Bxg3 38. Rf8+ Kg6 39. a6 Bf4 40. Be4 Re2 41. Kf3 1-0

[Event "RUDAR 2 IM 2022"]
[Site "Pozarevac"]
[Date "2022.04.02"]
[Round "?"]
[White "Velikic, Adela"]
[Black "Acor, Corey"]
[Result "0-1"]
[ECO "C54"]
[WhiteElo "2258"]
[BlackElo "2326"]
[Annotator "TA"]
[PlyCount "192"]
[EventDate "2022.03.27"]
[EventType "tourn"]
[EventCountry "SRB"]
[SourceTitle "playchess.com"]
[Source "ChessBase"]
[SourceQuality "1"]
[TimeControl "40/5400+30:900+30"]

1. e4 e5 2. Nf3 Nc6 3. Bc4 Bc5 4. c3 Nf6 5. d4 exd4 6. e5 d5 7. Bb5 Ne4 8. cxd4 Bb6 9. Nc3 O-O 10. Be3 {[%emt 0:00:12] C54: Giuoco Piano: 4 c3 Nf6, main lines with 5 d4 and 5 d3.} Bf5 11. Rc1 Ne7 12. O-O {[%emt 0:06:07] [#] The position is equal.} Ng6 $146 ({Predecessor:} 12... c6 13. Bd3 Nxc3 14. Rxc3 Bxd3 15. Qxd3 Qd7 16. h3 Nf5 17. Rb1 Nxe3 18. Qxe3 Qf5 {0-1 (32) Ghimpu,S (2431)-Batsiashvili,N (2486) Chess.com INT 2021}) 13. Bd3 Nxc3 14. bxc3 Qd7 15. Re1 Rae8 16. Bxf5 Qxf5 17. Qb3 Qd7 18. a4 f6 19. exf6 Rxf6 20. Bg5 Rff8 (20... Rxf3 $5 21. Rxe8+ (21. gxf3 Rf8 $11) 21... Qxe8 22. gxf3 Qf7 $11) 21. h4 Rxe1+ (21... c6 $1 $11) 22. Rxe1 $16 c6 23. h5 Nf4 24. Bxf4 (24. Re7 $142 Qg4 25. Bxf4 Qxf4 26. Qb1 (26. Rxb7 Qc1+ 27. Kh2 Bc7+ 28. Rxc7 Qf4+ 29. Kg1 Qxc7 $15)) 24... Rxf4 25. Qc2 (25. Ne5 $16 Qc7 26. Qd1) 25... Qf7 $11 26. h6 gxh6 27. Re3 Qg6 (27... Bc7 $11) 28. Qe2 (28. Qb3 $16) 28... Bc7 29. Re8+ Rf8 30. Re6 Qh5 31. Re7 Rf7 $1 32. Qe6 Kg7 $1 33. Qd7 Rxe7 34. Qxe7+ Qf7 35. Qe2 Kf8 36. g3 Qe7 37. Qd2 Kg7 38. Nh4 Qe6 {[%emt 0:00:48] Inhibits Nf5+.} 39. Kh2 Bd8 (39... Qg4 {feels hotter.} 40. Ng2 h5 41. Qe3 Kf7) 40. Ng2 Qf5 41. Qe2 Bg5 42. f4 Bd8 43. Ne3 (43. Qe8 $11 {remains equal.} Qf8 44. Qe6) 43... Qe6 $17 44. Qf3 h5 45. Ng2 {[%emt 0:02:05] Against h4} Qf5 46. Qe2 Kf8 {[%emt 0:00:22] Against Qe8+} 47. Qb2 b6 48. c4 ({White should play} 48. Qe2 $1 $15) 48... dxc4 49. Qb4+ Be7 (49... c5 $1 $17 50. dxc5 Qxc5) 50. Qxc4 $15 Qe4 (50... Qd7 $15) 51. Qa6 $11 Qxd4 52. Qc8+ Kf7 {[%emt 0:00:31] ...Qc5 is the strong threat.} 53. Qxc6 ({Don't play} 53. Qf5+ Kg7 $15) 53... Bc5 54. Qb7+ (54. Qh6 $2 Qg1+ 55. Kh3 Qh1#) 54... Ke6 55. Qc6+ (55. Qxh7 $2 {leads to mate.} Qg1+ 56. Kh3 Qh1#) 55... Ke7 {[%emt 0:00:45] Really sharp!} 56. Qb7+ Kd6 57. Qb8+ $1 Kd5 58. Qg8+ (58. Qxa7 $2 Qg1+ 59. Kh3 Qh1#) 58... Kd6 59. Qd8+ (59. Qxh7 $2 {is a self mate.} Qg1+ 60. Kh3 Qh1#) 59... Kc6 60. Qc8+ Kd6 61. Qd8+ Ke6 62. Qe8+ Be7 63. f5+ Kd6 {[%emt 0:00:02] Active counter play!} 64. Qb8+ Kc6 $2 (64... Kd7 $11) 65. Qa8+ $2 ({White has to play} 65. Qc8+ $18 Kd6 66. Qe6+ Kc7 67. Qxe7+ Qd7 68. Qe5+ Qd6 69. Qg7+ Kc6 70. f6) 65... Kc5 {[%emt 0:00:48] Hoping for ...Bd6.} 66. Qxa7 Bd6 {[%emt 0:00:39] aiming for ...Qg4.} 67. Qa6 Kb4 68. Qb5+ Ka3 69. Qc6 Bc5 70. Qf3+ Kxa4 71. Qf4 $2 {[%emt 0:00:32] [#]} (71. Kh3 $11 {and White is okay.}) 71... b5 $1 $19 {[%emt 0:00:32][%cal Bb6b5,Bb5b4,Bb4b3][%mdl 32] And now ...b4 would win.} 72. f6 {[%emt 0:00:23] [#]} (72. Qf1 $17 {was necessary.}) 72... b4 $1 73. Qxd4 Bxd4 {[%emt 0:00:01][%mdl 4096] Endgame KB-KN} 74. f7 Bg7 $2 (74... Bc5 $19 75. Nf4 b3) 75. Ne3 $2 (75. Nf4 $11) 75... b3 {[%emt 0:00:13] Threatens to win with ...Kb4.} 76. Nd1 Kb4 {[%emt 0:00:21] White must now prevent ...Kc5.} 77. Kh3 (77. Kg1 $142) 77... Kc4 (77... Kc5 $142 78. Kh4 Kd6 79. Kxh5 Ke7) 78. Kh4 Kd5 79. Kxh5 Ke6 80. Kg4 Kxf7 81. Kf5 Ke7 (81... Bf6 $142 82. g4 Bg7) 82. Ke4 Ke6 (82... Kf6 $142 83. Kf4 Bh6+ 84. Kf3 Ke5) 83. g4 Kf6 {[%emt 0:00:38] ( -> ...Kg5)} 84. Kf4 Kg6 85. g5 Bf8 {[%emt 0:00:33] Black mates.} 86. Nb2 Be7 87. Ke4 Kxg5 88. Kf3 Kf5 89. Nc4 Bg5 90. Nb2 Bf6 91. Nc4 h5 92. Kg3 Ke6 93. Kf4 Kd5 94. Ne3+ Kd4 95. Nd1 Kd3 96. Kf5 Kd2 {[%emt 0:02:21] What a fight!  Weighted Error Value: White=0.11 (very precise) /Black=0.13 (very precise)} 0-1

[Event "RUDAR 2 IM 2022"]
[Site "Pozarevac"]
[Date "2022.04.02"]
[Round "?"]
[White "Andreev, Konstantin"]
[Black "Milanovic, Slavisa"]
[Result "1/2-1/2"]
[ECO "C18"]
[WhiteElo "2238"]
[BlackElo "2296"]
[Annotator "ChessBase"]
[PlyCount "99"]
[EventDate "2022.03.27"]
[EventType "tourn"]
[EventCountry "SRB"]
[SourceTitle "playchess.com"]
[Source "ChessBase"]
[SourceQuality "1"]
[TimeControl "40/5400+30:900+30"]

1. e4 e6 2. d4 d5 3. Nc3 Bb4 4. e5 c5 5. a3 Bxc3+ 6. bxc3 Ne7 7. Qg4 Qc7 8. Qxg7 Rg8 9. Qxh7 cxd4 10. Qd3 Qxe5+ 11. Ne2 dxc3 12. Qxc3 Nbc6 13. Qxe5 Nxe5 14. h4 f6 15. Bb2 N7c6 16. Nf4 Kf7 17. O-O-O Rb8 18. h5 b5 19. h6 Bd7 20. Be2 Rgc8 21. Bh5+ Ke7 22. h7 b4 23. axb4 Nxb4 24. Bxe5 fxe5 25. h8=Q Rxh8 26. Ng6+ Kf6 27. Nxh8 Rxh8 28. Be2 Rc8 29. c4 Bb5 30. Rh6+ Ke7 31. Rh7+ Kf6 32. Rxa7 dxc4 33. Ra5 Nd3+ 34. Kc2 Bc6 35. Bxd3 cxd3+ 36. Kxd3 Bxg2 37. Rb1 Kf5 38. Rb4 Bd5 39. Rh4 Rb8 40. Ra7 Rb2 41. Rh8 e4+ 42. Ke3 Rb3+ 43. Kd4 Rd3+ 44. Kc5 Rc3+ 45. Kd6 Rc6+ 46. Kd7 Kg4 47. Ra3 Kf4 48. Ke7 Ke5 49. Kd7 Rb6 50. Rh5+ 1/2-1/2

[Event "RUDAR 2 IM 2022"]
[Site "Pozarevac"]
[Date "2022.04.02"]
[Round "?"]
[White "Rajkovic, Aleksandar"]
[Black "Savitha Shri B"]
[Result "0-1"]
[ECO "A03"]
[WhiteElo "2181"]
[BlackElo "2257"]
[Annotator "TA"]
[PlyCount "78"]
[EventDate "2022.03.27"]
[EventType "tourn"]
[EventCountry "SRB"]
[SourceTitle "playchess.com"]
[Source "ChessBase"]
[SourceQuality "1"]
[TimeControl "40/5400+30:900+30"]

1. f4 d5 2. Nf3 Nf6 3. e3 g6 4. c4 c6 5. b3 Bg7 6. Bb2 {[%emt 0:00:06] A03: Bird's Opening with 1...d5.} Bf5 7. Be2 O-O 8. O-O {[%emt 0:01:18] [#] White is slightly better.} a5 $146 ({Predecessor:} 8... Nbd7 9. Nh4 Nc5 10. Nxf5 gxf5 11. Qc2 dxc4 12. Bxc4 Nce4 13. Bd3 Qd5 14. Nc3 Nxc3 15. Bxc3 {0-1 (40) Van Riemsdijk,F (1735)-Cirilo,G (1902) Sao Paulo 2016}) 9. cxd5 cxd5 10. Na3 Na6 11. Nd4 Bd7 12. Nab5 Qb6 13. Rc1 Rac8 (13... Ne4 $5 14. Rb1 Rac8 $15) 14. a4 ({White should try} 14. Nc3 $11) 14... Nb4 15. Ba3 Ne4 16. Bxb4 Bxd4 {[%emt 0:07:27] Black keeps a firm grip on the game.} 17. Bxa5 {[%emt 0:05:03] [#]} Bxe3+ $1 $19 18. Kh1 Qxa5 19. dxe3 Nd2 20. Rxc8 (20. Rg1 {keeps fighting.}) 20... Rxc8 21. Re1 {[%emt 0:00:23] [#]} Nxb3 $1 {[%emt 0:02:32][%mdl 512] White must now prevent ...Rc1.} 22. Rg1 Bxb5 (22... Qxa4 23. Qxd5 Bc6 24. Qe5) 23. Bxb5 {[%emt 0:00:48] [#]} Rc1 $1 24. Qe2 (24. Qxb3 {[#] gets mated.} Qe1 $3 ) 24... Qc3 25. h3 Nd2 26. Rxc1 Qxc1+ 27. Kh2 Nc4 28. f5 $2 (28. e4 {was called for.}) 28... Nxe3 {[%emt 0:03:52] Black is clearly winning.} 29. fxg6 hxg6 30. Qf3 Qd2 31. Be8 Nf5 32. Bd7 e6 33. Kg1 Qe1+ 34. Qf1 Qe3+ 35. Kh2 d4 {[%emt 0:00:25][%cal Bd5d4,Bd4d3][%mdl 32] Strongly threatening ...d3.} 36. Bb5 {[%emt 0:00:34] Against d3} e5 {[%emt 0:00:53] And now ...e4 would win.} 37. Qf3 e4 38. Qxe3 Nxe3 39. a5 d3 {[%emt 0:00:19] Weighted Error Value: White=0.56/Black=0.12 (very precise)} 0-1

[Event "RUDAR 2 IM 2022"]
[Site "Pozarevac"]
[Date "2022.04.03"]
[Round "2.1"]
[White "Acor, Corey"]
[Black "Andreev, Konstantin"]
[Result "1-0"]
[ECO "C00"]
[WhiteElo "2326"]
[BlackElo "2238"]
[Annotator "ChessBase"]
[PlyCount "119"]
[EventDate "2022.03.27"]
[EventType "tourn"]
[EventCountry "SRB"]
[SourceTitle "playchess.com"]
[Source "ChessBase"]
[SourceQuality "1"]
[TimeControl "40/5400+30:900+30"]

1. e4 e6 2. d3 d5 3. Nd2 Nf6 4. g3 dxe4 5. dxe4 b6 6. Bg2 Bb7 7. Qe2 e5 8. Ngf3 Ba6 9. c4 Nc6 10. b3 Bc5 11. O-O O-O 12. Bb2 Qe7 13. Rad1 Rab8 14. h3 Rfe8 15. Rc1 Nd7 16. Rfd1 Nf8 17. Nb1 f6 18. a3 Ne6 19. b4 Ncd4 20. Nxd4 Bxd4 21. Qc2 c5 22. b5 Bb7 23. a4 Rf8 24. Bc3 f5 25. exf5 Bxg2 26. Kxg2 Qb7+ 27. f3 Ng5 28. Rf1 e4 29. fxe4 Nxe4 30. Kh2 Rbe8 31. Qg2 Qd7 32. Bxd4 cxd4 33. Rce1 Rxf5 34. Rxf5 Qxf5 35. Nd2 Nd6 36. Rxe8+ Nxe8 37. Qf3 Qxf3 38. Nxf3 Nd6 39. Nxd4 Nxc4 40. Nc6 Nb2 41. a5 bxa5 42. Nxa5 Kf7 43. Nc6 Nc4 44. Nxa7 Na5 45. Kg2 Ke6 46. Kf3 Kd5 47. Kf4 Kc5 48. Kf5 Nc4 49. g4 Nd6+ 50. Ke5 Nf7+ 51. Kf5 Nd6+ 52. Ke6 Ne4 53. h4 Kb6 54. Nc8+ Kxb5 55. Nd6+ Nxd6 56. Kxd6 Kc4 57. Ke6 Kd4 58. Kf7 g5 59. hxg5 Ke5 60. g6 1-0

[Event "RUDAR 2 IM 2022"]
[Site "Pozarevac"]
[Date "2022.04.03"]
[Round "2.2"]
[White "Savitha Shri B"]
[Black "Anishka Vikram"]
[Result "1-0"]
[ECO "B53"]
[WhiteElo "2257"]
[BlackElo "2000"]
[Annotator "ChessBase"]
[PlyCount "163"]
[EventDate "2022.03.27"]
[EventType "tourn"]
[EventCountry "SRB"]
[SourceTitle "playchess.com"]
[Source "ChessBase"]
[SourceQuality "1"]
[TimeControl "40/5400+30:900+30"]

1. e4 c5 2. Nf3 d6 3. d4 cxd4 4. Qxd4 Nc6 5. Qe3 Nf6 6. Be2 g6 7. O-O Bg7 8. c4 O-O 9. Nc3 Bd7 10. Rb1 Rc8 11. h3 Ne8 12. b3 f5 13. Bb2 Nf6 14. exf5 Bxf5 15. Rbd1 Qa5 16. a3 Qc5 17. Qc1 Qb6 18. b4 Be6 19. Qa1 Nb8 20. Nd5 Nxd5 21. cxd5 Bxb2 22. Qxb2 Bd7 23. Nd4 Na6 24. Qd2 Nc7 25. Qg5 Rf6 26. Rfe1 Ne8 27. Bf3 Qd8 28. Re4 Rc7 29. Rde1 Bf5 30. Rh4 Rf7 31. Rf4 Ng7 32. Qh6 Qf8 33. Rh4 Ne8 34. Qe3 Ng7 35. Nb5 Rc2 36. Nd4 Rc7 37. Bg4 h5 38. Bf3 Qd8 39. Qg5 Rd7 40. g4 Bd3 41. gxh5 e5 42. Qxd8+ Rxd8 43. Be2 Bxe2 44. hxg6 Rf6 45. Nxe2 Rxg6+ 46. Rg4 Rxg4+ 47. hxg4 Rc8 48. Ng3 Rc4 49. Ne4 Ne8 50. f3 Rd4 51. Rc1 Rxd5 52. Rc8 Rd1+ 53. Kf2 Kf7 54. Rb8 b6 55. Rb7+ Ke6 56. Rxa7 d5 57. Ng5+ Kf6 58. Nh7+ Kg6 59. Nf8+ Kg5 60. Re7 Nd6 61. Rxe5+ Kf6 62. Re6+ Kg7 63. Rxd6 Kxf8 64. Rxb6 Ra1 65. Rd6 Rxa3 66. Rxd5 Rb3 67. Rb5 Ke7 68. g5 Kf7 69. Kg3 Rb1 70. Kf4 Rb3 71. Kg4 Kg6 72. Rb6+ Kf7 73. f4 Rb1 74. Kf5 Rd1 75. Rb7+ Kf8 76. Kg6 Rd6+ 77. Kh7 Rd1 78. f5 Rd2 79. Kg6 Rd6+ 80. f6 Rd8 81. Rh7 Kg8 82. f7+ 1-0

[Event "RUDAR 2 IM 2022"]
[Site "Pozarevac"]
[Date "2022.04.03"]
[Round "2.4"]
[White "Bryakin, Mikhail"]
[Black "Velikic, Adela"]
[Result "1-0"]
[ECO "D79"]
[WhiteElo "2481"]
[BlackElo "2258"]
[Annotator "RC"]
[PlyCount "83"]
[EventDate "2022.03.27"]
[EventType "tourn"]
[EventCountry "SRB"]
[SourceTitle "playchess.com"]
[Source "ChessBase"]
[SourceQuality "1"]
[TimeControl "40/5400+30:900+30"]

1. Nf3 d5 2. g3 Nf6 3. Bg2 g6 4. d4 Bg7 5. O-O O-O 6. c4 c6 7. cxd5 cxd5 8. Nc3 Nc6 9. Ne5 Bf5 10. Nxc6 bxc6 11. Bf4 Nh5 12. Be3 Qd7 13. Na4 Bh3 14. Nc5 Qf5 15. Qd3 Bxg2 16. Qxf5 gxf5 17. Kxg2 Rfb8 18. b3 a5 19. Rac1 Rb4 20. Nd3 Rb6 21. Rc3 Nf6 22. Rfc1 Rc8 23. Ne5 Ne4 24. Rxc6 Rbxc6 25. Nxc6 Kf8 26. f3 Nd6 27. Nxa5 Rxc1 28. Bxc1 Bxd4 29. Nc6 Bc3 30. Ba3 Nc8 31. Bc5 Ke8 32. b4 Kd7 33. b5 e5 34. a4 e4 35. a5 Nd6 36. Bxd6 Kxd6 37. a6 Kc7 38. Ne7 d4 39. Nd5+ Kb8 40. b6 Ba5 41. a7+ Kb7 42. Nc7 1-0

[Event "RUDAR 2 IM 2022"]
[Site "Pozarevac"]
[Date "2022.04.04"]
[Round "3.3"]
[White "Ivanovic, Marko"]
[Black "Savitha Shri B"]
[Result "1-0"]
[ECO "B23"]
[WhiteElo "2302"]
[BlackElo "2257"]
[Annotator "NA RC"]
[PlyCount "65"]
[EventDate "2022.03.27"]
[EventType "tourn"]
[EventCountry "SRB"]
[SourceTitle "playchess.com"]
[Source "ChessBase"]
[SourceQuality "1"]
[TimeControl "40/5400+30:900+30"]

1. e4 c5 2. Nc3 Nc6 3. Bb5 Nd4 4. Nf3 a6 5. Bd3 g6 6. O-O Bg7 7. Re1 Nxf3+ 8. Qxf3 d6 9. b3 Nf6 10. Bb2 Ng4 11. Bf1 O-O 12. Nd1 e5 13. h3 Nh6 14. Ne3 Rb8 15. c3 Kh8 16. Rad1 f5 17. d4 fxe4 18. Qxe4 exd4 19. cxd4 Nf5 20. Nxf5 Bxf5 21. Qd5 Qa5 22. Re2 Rbe8 23. dxc5 Bxb2 24. Rxb2 dxc5 25. Qxb7 Rf6 26. Re2 Ref8 27. Re7 g5 28. Bd3 Bxd3 29. Rxd3 Rg6 30. Rdd7 Rg7 31. Qe4 Qxa2 32. Rxg7 Qxf2+ 33. Kh2 1-0

[Event "RUDAR 2 IM 2022"]
[Site "Pozarevac"]
[Date "2022.04.04"]
[Round "3.5"]
[White "Anishka Vikram"]
[Black "Milanovic, Slavisa"]
[Result "0-1"]
[ECO "E91"]
[WhiteElo "2000"]
[BlackElo "2296"]
[Annotator "NA RC"]
[PlyCount "71"]
[EventDate "2022.03.27"]
[EventType "tourn"]
[EventCountry "SRB"]
[SourceTitle "playchess.com"]
[Source "ChessBase"]
[SourceQuality "1"]
[TimeControl "40/5400+30:900+30"]

1. d4 g6 2. c4 Bg7 3. Nc3 c5 4. d5 e6 5. e4 exd5 6. exd5 Nf6 7. Nf3 O-O 8. Be2 d6 9. O-O Nbd7 10. Bf4 Qb6 11. Qb3 Ne8 12. Nb5 Ne5 13. Nxe5 dxe5 14. Be3 Nc7 15. a4 Nxb5 16. Qxb5 Qxb5 17. axb5 b6 18. b4 cxb4 19. Bxb6 Bg4 20. Bxg4 axb6 21. Rab1 f5 22. Be2 Ra2 23. Bd1 Rfa8 24. Rxb4 Bf8 25. Rb1 Bc5 26. Bb3 Rd2 27. g3 e4 28. h3 Ra3 29. h4 Rd3 30. d6 Rxg3+ 31. Kh2 Rgxb3 32. d7 Rd3 33. Rfd1 Ra8 34. Rxd3 exd3 35. Re1 Kf7 36. Re2 0-1

[Event "RUDAR 2 IM 2022"]
[Site "Pozarevac"]
[Date "2022.04.05"]
[Round "4.1"]
[White "Acor, Corey"]
[Black "Anishka Vikram"]
[Result "1-0"]
[ECO "B26"]
[WhiteElo "2326"]
[BlackElo "2000"]
[Annotator "TA"]
[PlyCount "117"]
[EventDate "2022.03.27"]
[EventType "tourn"]
[EventCountry "SRB"]
[SourceTitle "playchess.com"]
[Source "ChessBase"]
[SourceQuality "1"]
[TimeControl "40/5400+30:900+30"]

1. e4 c5 2. Nc3 d6 3. g3 g6 4. Bg2 Bg7 5. d3 Nc6 6. Be3 Rb8 7. Nge2 Nd4 8. O-O e6 9. Rb1 Bd7 10. Qd2 Ne7 11. Bh6 O-O 12. Bxg7 Kxg7 13. Nxd4 cxd4 14. Ne2 e5 15. c3 dxc3 16. bxc3 b5 17. d4 Nc6 18. Rfd1 Bc8 19. f4 Ba6 20. Bf1 Qc7 21. Nc1 Na5 22. Nd3 Nc4 23. Qe1 Rfe8 24. fxe5 dxe5 25. Nc5 Bc8 26. Bxc4 bxc4 27. Qe2 Rxb1 28. Rxb1 Be6 29. Rb7 Qd6 30. Qe3 Bc8 31. Rxa7 Qb6 32. Ra4 Qb1+ 33. Kf2 Qc2+ 34. Qe2 Qxc3 35. Rxc4 Qa5 36. d5 h5 37. a4 Bg4 38. Qb2 Qd8 {[%emt 0:01:42] [#]} (38... Bh3 $11) 39. Rc1 (39. Kg2 $1 $16) 39... Qf6+ 40. Kg1 Rc8 41. Qf2 Qg5 $1 42. Rf1 Qe7 43. Rc1 Qg5 44. Qe1 h4 45. gxh4 Qf4 $1 46. Rc3 Bh3 $1 47. a5 Qg4+ $2 (47... Rxc5 $11 48. Rxc5 Qg4+ 49. Qg3 Qd1+ 50. Kf2 Qd2+ 51. Kf3 Qd3+ 52. Kf2 Qd2+ 53. Kf3 Qd3+ 54. Kf2 Qd2+) 48. Rg3 $18 Qh5 49. Nd3 ({And not} 49. Rxh3 Rxc5 50. Rg3 Rc2 $11) 49... Bg4 $2 (49... Bd7 {is a better defense.} 50. Rg5 Qf3) 50. a6 Ra8 $2 (50... Be2 {might work better.} 51. Nxe5 Qxe5 52. Qxe2 Qa1+ 53. Kg2 Qa4) 51. Qa1 $18 Be2 52. Qxe5+ Qxe5 53. Nxe5 Rxa6 54. Re3 Bb5 55. Rb3 f6 56. Ng4 Bd7 $2 (56... Be2) 57. Rb7 $18 Rd6 58. Ne3 Kf8 59. Nc4 1-0

[Event "RUDAR 2 IM 2022"]
[Site "Pozarevac"]
[Date "2022.04.05"]
[Round "4.2"]
[White "Ivanovic, Marko"]
[Black "Velikic, Adela"]
[Result "0-1"]
[ECO "A13"]
[WhiteElo "2302"]
[BlackElo "2258"]
[Annotator "TA"]
[PlyCount "82"]
[EventDate "2022.03.27"]
[EventType "tourn"]
[EventCountry "SRB"]
[SourceTitle "playchess.com"]
[Source "ChessBase"]
[SourceQuality "1"]
[TimeControl "40/5400+30:900+30"]

1. Nf3 d5 2. g3 Nf6 3. Bg2 c5 4. O-O e6 5. c4 d4 6. e3 Nc6 7. exd4 cxd4 8. d3 h6 9. Re1 Bd6 10. Na3 O-O 11. Nc2 a5 12. a3 e5 13. Rb1 a4 14. b4 axb3 15. Rxb3 Re8 16. Bd2 Na5 17. Rb2 Qc7 18. Bb4 Bd7 19. Nd2 Bc6 20. f3 Rab8 21. Ne4 Nxe4 22. fxe4 b5 23. Qd2 Bxb4 24. Rxb4 bxc4 25. dxc4 Rxb4 26. Nxb4 Bb7 (26... Nxc4 27. Qd3 Ne3 28. Rc1 $17) 27. Bf1 Rc8 ({Worse is} 27... Nxc4 28. Qc2 d3 29. Bxd3 Qb6+ 30. Qf2 $15) (27... Nb3 $19 28. Qc2 Nc5) 28. Qc2 $17 Qc5 (28... Nxc4 29. Rc1 Qb6 30. Bxc4 $15) 29. Bd3 (29. Nd3 $17 Qxa3 30. Nxe5) 29... Qa7 $2 ({Weaker is} 29... Nxc4 30. Rc1 $11) (29... f5 $1 $19 {[%cal Rf5e4] White must now prevent ...fxe4.} 30. Kh1 (30. exf5 $2 e4 $19) 30... Nxc4) 30. Qa4 $15 Bc6 31. Nxc6 Rxc6 32. Rb1 Qc7 33. Rb4 Kh7 34. Kg2 (34. Qb5 $142) 34... Nb7 35. Qd1 $2 (35. Qa7 $17 {keeps fighting.} Nc5 36. Qxc7 Rxc7 37. Bb1) 35... Nc5 36. h4 (36. a4 {was necessary.}) 36... Qa5 $19 37. Qh5 (37. Bb1 $142 Qxa3 38. Rb5) 37... Nxd3 $19 38. Qf5+ Rg6 39. h5 Nf4+ 40. Kh2 {[%emt 0:00:00] [#]} Nxh5 (40... Qxa3 $142 $1 41. hxg6+ fxg6 42. Qxg6+ Nxg6 43. Rb6 Qa2+ 44. Kh3 h5 45. c5 Qf2 46. Rb3 {[#]} Nf4+ $1 47. gxf4 exf4 48. Rf3 Qxf3+ 49. Kh2 h4 50. e5 h3 51. Kg1 Qg2#) 41. Qxh5 $19 Qxa3 0-1

[Event "RUDAR 2 IM 2022"]
[Site "Pozarevac"]
[Date "2022.04.05"]
[Round "4.3"]
[White "Bryakin, Mikhail"]
[Black "Dudukovic, Nikola"]
[Result "1-0"]
[ECO "E10"]
[WhiteElo "2481"]
[BlackElo "2362"]
[Annotator "TA"]
[PlyCount "55"]
[EventDate "2022.03.27"]
[EventType "tourn"]
[EventCountry "SRB"]
[SourceTitle "playchess.com"]
[Source "ChessBase"]
[SourceQuality "1"]
[TimeControl "40/5400+30:900+30"]

1. d4 Nf6 2. c4 e6 3. Nf3 c5 4. d5 b5 5. dxe6 fxe6 6. cxb5 d5 7. e3 (7. Nc3 $5 ) 7... Nbd7 8. Nbd2 Be7 9. b3 O-O 10. Bb2 Qc7 ({Better is} 10... e5 $1 $14) 11. Be2 $16 (11. Qc2 {looks sharper.} Bb7 12. Ng5 Qd6 13. Be2) 11... a6 12. bxa6 Bxa6 13. Bxa6 Rxa6 {[%emt 0:00:06] [#]} 14. O-O $1 Ng4 15. Qe2 Rfa8 16. h3 Bf6 (16... Nh6 $14 {should be considered.}) 17. Bxf6 $16 Ngxf6 18. a4 Rb6 19. Rac1 Qb7 20. e4 dxe4 21. Ng5 Qd5 22. Ngxe4 Nxe4 23. Nxe4 Qxb3 24. a5 Rxa5 25. Rfd1 Rb7 $2 (25... Nf8 $16 {is a better defense.}) 26. Nd6 $18 (26. Qh5 Nf8 $14) 26... Rba7 $2 (26... Nf8 27. Nxb7 Qxb7) 27. Rb1 $18 ({Less strong is} 27. Qh5 Nf8 $14) 27... Ra2 28. Qe1 ({Weaker is} 28. Rxb3 Rxe2 29. Rb7 Rea2 $11) 1-0

[Event "RUDAR 2 IM 2022"]
[Site "Pozarevac"]
[Date "2022.04.05"]
[Round "4.4"]
[White "Savitha Shri B"]
[Black "Milanovic, Slavisa"]
[Result "1-0"]
[ECO "C02"]
[WhiteElo "2257"]
[BlackElo "2296"]
[Annotator "NA RC"]
[PlyCount "65"]
[EventDate "2022.03.27"]
[EventType "tourn"]
[EventCountry "SRB"]
[SourceTitle "playchess.com"]
[Source "ChessBase"]
[SourceQuality "1"]
[TimeControl "40/5400+30:900+30"]

1. e4 e6 2. d4 d5 3. e5 c5 4. c3 Qb6 5. Nf3 Nc6 6. a3 c4 7. Nbd2 f6 8. Be2 fxe5 9. Nxe5 Nxe5 10. dxe5 Bc5 11. O-O Ne7 12. Bh5+ g6 13. Bg4 h5 14. Bf3 Nc6 15. b4 Bf8 16. Re1 Bg7 17. Nf1 Nxe5 18. Bxd5 Nd3 19. Be3 Qd8 20. Be4 Bxc3 21. Bxg6+ Kf8 22. Rc1 Bf6 23. Bxd3 Qxd3 24. Qf3 Kg7 25. Red1 Qf5 26. Qg3+ Qg4 27. Qc7+ Kg8 28. h3 Qg6 29. Rxc4 Rh7 30. Rd8+ Bxd8 31. Qxd8+ Kf7 32. Rc7+ Bd7 33. Rxd7# 1-0

[Event "RUDAR 2 IM 2022"]
[Site "Pozarevac"]
[Date "2022.04.05"]
[Round "4.5"]
[White "Rajkovic, Aleksandar"]
[Black "Andreev, Konstantin"]
[Result "1/2-1/2"]
[ECO "B33"]
[WhiteElo "2181"]
[BlackElo "2238"]
[Annotator "NA RC"]
[PlyCount "72"]
[EventDate "2022.03.27"]
[EventType "tourn"]
[EventCountry "SRB"]
[SourceTitle "playchess.com"]
[Source "ChessBase"]
[SourceQuality "1"]
[TimeControl "40/5400+30:900+30"]

1. e4 c5 2. Nf3 Nc6 3. d4 cxd4 4. Nxd4 Nf6 5. Nc3 e5 6. Ndb5 d6 7. Bg5 a6 8. Na3 b5 9. Nd5 Be7 10. Bxf6 Bxf6 11. c3 Bg5 12. Nc2 Rb8 13. Bd3 O-O 14. O-O Be6 15. Nce3 Ne7 16. Bc2 g6 17. Kh1 Rc8 18. Bb3 Nc6 19. a4 Na5 20. axb5 axb5 21. Ba2 Bh6 22. Qd3 Kh8 23. b4 Nc4 24. Bxc4 bxc4 25. Nxc4 f5 26. Ra6 fxe4 27. Qxe4 Rf4 28. Nxf4 Bxc4 29. Nxg6+ hxg6 30. Ra7 Bxf1 31. Qxg6 Rc7 32. Qxh6+ Kg8 33. Qg6+ Kf8 34. Qh6+ Kg8 35. Qg6+ Kf8 36. Qf5+ Kg8 1/2-1/2

[Event "RUDAR 2 IM 2022"]
[Site "Pozarevac"]
[Date "2022.04.06"]
[Round "5.1"]
[White "Milanovic, Slavisa"]
[Black "Acor, Corey"]
[Result "1-0"]
[ECO "A27"]
[WhiteElo "2296"]
[BlackElo "2326"]
[Annotator "TA"]
[PlyCount "101"]
[EventDate "2022.03.27"]
[EventType "tourn"]
[EventCountry "SRB"]
[SourceTitle "playchess.com"]
[Source "ChessBase"]
[SourceQuality "1"]
[TimeControl "40/5400+30:900+30"]

1. c4 e5 2. Nc3 Nc6 3. Nf3 f5 4. d4 e4 5. Ng5 Be7 6. Nh3 Nf6 7. e3 O-O 8. Nf4 g5 9. Nfd5 Nxd5 10. cxd5 Nb8 11. g4 Bb4 12. gxf5 Qf6 13. Qg4 Qxf5 14. Qxf5 Rxf5 15. Bd2 Bxc3 16. bxc3 d6 17. Bh3 Rf8 18. Bxc8 Rxc8 19. Rg1 h6 20. h4 Kf7 21. Rb1 b6 22. Rg4 Re8 23. hxg5 h5 24. g6+ Kg7 25. Rf4 Kxg6 26. Ke2 (26. f3 $1 $18) 26... Nd7 $16 27. Rg1+ Kh6 28. Rf7 Rg8 29. Rh1 ({Reject} 29. Rxg8 $6 Rxg8 30. Rxd7 h4 $11) 29... Rad8 30. Rh4 Kg6 31. Re7 Nf6 {[%emt 0:01:40] [#]} 32. Rxc7 (32. c4 $1 $16) 32... Kg5 33. Rh1 Nxd5 34. Rxa7 Ra8 (34... Nf6 $1 $11) 35. Rd7 $16 Rgd8 36. Rxd8 Rxd8 37. f3 exf3+ 38. Kxf3 Rf8+ 39. Ke2 Nf6 40. e4+ Kg6 41. Kd3 Re8 42. Re1 b5 43. Bf4 d5 44. Rg1+ Kf7 {[%emt 0:00:00] [#]} 45. exd5 $1 Nxd5 46. Bd2 Rh8 ({Better is} 46... h4) 47. c4 (47. Rg5 $142 Nf6 48. Bf4 (48. Rxb5 h4 $16)) 47... bxc4+ $16 48. Kxc4 Ke6 49. Rg6+ Nf6 $2 (49... Kf7 $16 50. Ra6 Ne7) 50. d5+ $1 $18 Ke7 51. Rxf6 1-0